[Event "*** Titled Tuesday Blitz"]
[Site "Chess.com"]
[Date "2020.04.28"]
[Round "8"]
[White "Malysch"]
[Black "Gromes7"]
[Result "1-0"]
[WhiteElo "2397"]
[BlackElo "2129"]
[TimeControl "180+1"]
[EndTime "11:36:05 PDT"]
[Termination "Malysch won by checkmate"]

1. d4 Nf6 2. c4 e5 3. dxe5 Ng4 4. Nh3 Nxe5 5. e3 Nbc6 6. Nc3 Bb4 7. Qd2 O-O 8. a3 Be7 9. Be2 d6 10. Nf4 Re8 11.
O-O Be6 12. Nfd5 Nd7 13. b4 a5 14. Bb2 Bf8 15. Nb5 Bxd5 16. cxd5 Ncb8 17. Rac1 Na6 18.
Rc2 Ne5 19. Rfc1 Re7 20. bxa5 Nc5 21. Rb1 Ned7 22. Bd4 Ne4 23. Qe1 Ndc5 24. f3 Nf6 25. e4 Nfd7 26. Qb4 g6 27. Rbc1 Bg7 28. Bf2 Be5 29.
Bf1 Qf8 30. g3 f5 31. Nxc7 Rc8 32. Ne6 Nxe6 33. dxe6 Nc5 34. f4 Bg7 35. e5 Rec7 36. exd6 Qxd6 37. Rxc5 Rxc5 38. Rxc5 Rxc5 39. Qxc5 Qxc5 40.
Bxc5 Bb2 41. Bg2 Kg7 42. Bxb7 Kf6 43. a6 Kxe6 44. a7 Bxa3 45. Bxa3 Kd7 46. a8=Q Ke6 47.
Qc8+ Kf7 48. Qd7+ Kf6 49. Bb2# 1-0

[Event "*** Titled Tuesday Blitz"]
[Site "Chess.com"]
[Date "2020.04.28"]
[Round "8"]
[White "albi1999"]
[Black "RubensCezila"]
[Result "1-0"]
[WhiteElo "2641"]
[BlackElo "2465"]
[TimeControl "180+1"]
[EndTime "11:36:06 PDT"]
[Termination "albi1999 won by resignation"]

1. d4 Nf6 2. c4 e6 3. Nf3 b6 4. g3 Ba6 5. b3 Bb7 6. Bg2 Bb4+ 7. Bd2 a5 8. O-O O-O 9. Bf4 Ne4 10. Qc2 f5 11. c5 a4 12. cxb6 cxb6 13.
a3 axb3 14. Qxb3 Qe7 15. Ra2 Bd5 16. Qb2 Bxa2 17. Qxa2 Bxa3 18. Nfd2 d5 19. Nxe4 fxe4 20. f3 exf3 21. Bxf3 Nd7 22. e4 Bd6 23. Bxd6 Qxd6 24.
Qd2 dxe4 25. Bxe4 Rxf1+ 26. Kxf1 Rf8+ 27. Kg2 Nf6 28. Bf3 Rd8 29. Qe2 Kf7 30. Nd2 Qxd4 31. Nc4 Nd5 32. Ne5+ Kg8 33. Nc6 Ne3+ 34. Kh3 Qc5 35.
Nxd8 Qf5+ 36. g4 Qg5 37. Nxe6 Qh6+ 38. Kg3 Qxe6 39. Kf2 Qe5 40. Qxe3 Qxh2+ 41. Bg2 Qh4+ 42. Kf3 Qf6+ 43. Kg3 h6 44. Bd5+ Kh8 45. Qe8+ Kh7 46. Bg8+ Kh8 47. Bf7+ 1-0

[Event "*** Titled Tuesday Blitz"]
[Site "Chess.com"]
[Date "2020.04.28"]
[Round "8"]
[White "GMMatamoros"]
[Black "NFChess13"]
[Result "1-0"]
[WhiteElo "2523"]
[BlackElo "2389"]
[TimeControl "180+1"]
[EndTime "11:36:07 PDT"]
[Termination "GMMatamoros won on time"]

1. Nf3 c5 2. c4 Nc6 3. Nc3 e5 4. d3 d6 5. a3 g6 6. b4 cxb4 7. axb4 Nxb4 8. Ba3 Nc6 9. g3 Nge7 10.
Bg2 Bg7 11. Ne4 O-O 12. Nxd6 e4 13. Nxe4 Qa5+ 14. Nfd2 f5 15. Bb2 Qb4 16. Bxg7 Kxg7 17. Rb1 Qa3 18. Rb3 Qa5 19. Nd6 Nd4 20. Rb1 Qe5 21. Nxc8 Raxc8 22. e3 b6 23. O-O Ndc6 24. Qa4 Qf6 25. d4 Rfd8 26. Rfc1 Na5 27. c5 Nd5 28. Nf3 Qc6 29. Qa1 Qe6 30. Ne5 Kg8 31. cxb6 axb6 32.
Rxc8 Rxc8 33. Qa2 Rd8 34. Rc1 Nc7 35. Qb1 Nd5 36. Bf1 Kg7 37. Qb5 Ne7 38. Rc7 Kf6 39. Nd7+ Rxd7 40. Rxd7 Nac6 41. Rb7 Qd6 42. Rxb6 1-0

[Event "*** Titled Tuesday Blitz"]
[Site "Chess.com"]
[Date "2020.04.28"]
[Round "8"]
[White "Ave_Mariia"]
[Black "Zmeeed63"]
[Result "0-1"]
[WhiteElo "2277"]
[BlackElo "2164"]
[TimeControl "180+1"]
[EndTime "11:36:08 PDT"]
[Termination "Zmeeed63 won on time"]

1. d4 Nf6 2. c4 e6 3. g3 c5 4. d5 exd5 5. cxd5 d6 6. Nf3 g6 7.
Bg2 Bg7 8. Nc3 O-O 9. O-O a6 10. a4 Re8 11. Bf4 Nh5 12. Bg5 Qc7 13. Nd2 Nd7 14. e4 Ne5 15. Qc2 h6 16. Be3 Ng4 17. Nc4 Nxe3 18. Nxe3 Rb8 19. a5 Bd7 20. Nc4 Bb5 21. Nxb5 axb5 22. Ne3 c4 23. a6 bxa6 24. Rxa6 Rb6 25. Rfa1 Rxa6 26. Rxa6 Qc5 27. Rc6 Qb4 28. Nd1 Qe1+ 29. Bf1 Rxe4 30. Rxd6 Rd4 31. Ne3 Rd2 32. Rd8+ Kh7 33. Qxd2 Qxd2 34. d6 Bf6 35. Rd7 Kg7 36. Ng4 Bg5 37. Ne5 Qxb2 38. Nxf7 Kf8 39. Nxg5 hxg5 40. Rd8+ Kf7 41. h3 Qd4 42. Bg2 c3 43. Rd7+ Ke6 44. Bc6 c2 0-1

[Event "*** Titled Tuesday Blitz"]
[Site "Chess.com"]
[Date "2020.04.28"]
[Round "8"]
[White "Blagorod"]
[Black "shav3184"]
[Result "0-1"]
[WhiteElo "2138"]
[BlackElo "2282"]
[TimeControl "180+1"]
[EndTime "11:36:08 PDT"]
[Termination "shav3184 won on time"]

1. e4 e5 2. Nf3 Nc6 3. Bb5 a6 4. Ba4 Nf6 5. O-O b5 6. Bb3 Bc5 7. a4 Rb8 8. d3 O-O 9. Bg5 h6 10. Bh4 d6 11. h3 g5 12. Nxg5 hxg5 13. Bxg5 Kg7 14. Nc3 Ne7 15. Qf3 Nh7 16. Bh4 Qe8 17. Qg3+ Ng6 18. Nd5 c6 19. Ne3 Kh8 20. Nf5 Bxf5 21.
exf5 Nxh4 22. Qxh4 Qd8 23. Qe4 f6 24. Qxc6 b4 25.
Rae1 Qe7 26. Qxa6 Qg7 27. Re4 Qh6 28. Rg4 Qh5 29. Qc4 Qxf5 30. Kh2 Qd7 31. f4 Bd4 32. fxe5 dxe5 33. Rh4 Bxb2 34. Rf3 Bd4 35. Rg3 f5 36. Rh5 f4 37. Rg6 Qf7 38. Rgh6 Qg7 39. Rxh7+ Qxh7 40. Rxh7+ Kxh7 41. Qc7+ Kg6 42. Qd6+ Kg7 0-1

[Event "*** Titled Tuesday Blitz"]
[Site "Chess.com"]
[Date "2020.04.28"]
[Round "8"]
[White "Baby_Shak"]
[Black "Natalya_Buksa"]
[Result "1-0"]
[WhiteElo "2381"]
[BlackElo "2509"]
[TimeControl "180+1"]
[EndTime "11:36:09 PDT"]
[Termination "Baby_Shak won by resignation"]

1. d4 d5 2. Bf4 Nf6 3. e3 e6 4.
Nd2 Bd6 5. Ngf3 c5 6. dxc5 Bxf4 7. exf4 Qc7 8. g3 Nbd7 9. Bg2 Nxc5 10. O-O O-O 11.
Ne5 b6 12. Re1 Ba6 13. Ndf3 Nce4 14. Nd4 Rac8 15. c3 Nc5 16. g4 Nfd7 17. Re3 Nxe5 18. fxe5 Qe7 19. f4 Kh8 20. g5 f6 21. exf6 gxf6 22. Nf5 Qc7 23. Qd4 Nd3 24. gxf6 Qxf4 25. Rxd3 Qxd4+ 26. Rxd4 exf5 27. Bxd5 Rxf6 28. Kf2 f4 29. Rg1 Rcf8 30. Be4 R6f7 31. Kf3 Re7 32. Rg4 Ref7 33. Bd5 Rd7 34. Rgxf4 Rxf4+ 35. Kxf4 Kg7 36. Be6 Re7 37. Rd7 Kf6 38. Rxe7 Kxe7 39. Bf5 h6 40. Ke5 Bc4 41. a3 Bf7 42. h4 Bg8 43. Bd3 Bb3 44.
Be4 Bc4 45. Bd5 Bd3 46. c4 Bf1 47. b4 Be2 48. c5 bxc5 49. bxc5 Ba6 50. Be6 Bb7 51.
Bd5 Bc8 52. c6 a5 53. Be4 Bg4 54. Bf5 Bxf5 55. Kxf5 Kd6 56. Kg6 Kxc6 57. Kxh6 Kb5 58. Kg6 Ka4 59. h5 Kxa3 60. h6 a4 61. h7 Ka2 62. h8=Q a3 63. Qc3 Kb1 64. Qxa3 1-0

[Event "*** Titled Tuesday Blitz"]
[Site "Chess.com"]
[Date "2020.04.28"]
[Round "8"]
[White "doctorcristian"]
[Black "Skatchkov_V"]
[Result "0-1"]
[WhiteElo "2353"]
[BlackElo "2545"]
[TimeControl "180+1"]
[EndTime "11:36:09 PDT"]
[Termination "Skatchkov_V won by resignation"]

1. d4 Nf6 2. Nc3 d5 3. Bf4 a6 4.
e3 c5 5. h3 Nc6 6. Nf3 e6 7.
a3 Be7 8. Be2 O-O 9. O-O c4 10.
Ne5 Nxe5 11. Bxe5 b5 12. Bf3 Bb7 13. Ne2 a5 14. b3 Rc8 15. Ra2 Nd7 16. Bh2 Nb6 17.
Qd2 b4 18. a4 Ba6 19. Rb1 Qd7 20. Ng3 Bd6 21. Nf1 Bxh2+ 22. Kxh2 f5 23. g3 cxb3 24.
cxb3 Rc3 25. Be2 Qa7 26. Bxa6 Qxa6 27. Qe2 Qxe2 28. Rxe2 Nc8 29. Nd2 Nd6 30. Nf3 Rfc8 31. Ne5 Ne4 32. f3 Rc2 33. Rb2 Rxb2 34. Rxb2 Nd6 35. Kg2 Rc3 36. Kf2 Kf8 37. h4 Ke7 38. Ke2 Nf7 39. Nd3 Kd6 40. Kd2 e5 41. f4 exd4 42. exd4 Nd8 43. Rc2 Rxb3 44. Ne5 Rxg3 45. Rc8 Ne6 46. Rc6+ Ke7 47. Ra6 Nxd4 48. Ra7+ Kd6 49.
Ra6+ Kc7 50. Rxa5 Nb3+ 0-1

[Event "*** Titled Tuesday Blitz"]
[Site "Chess.com"]
[Date "2020.04.28"]
[Round "8"]
[White "Msb2"]
[Black "Sychev_Klementy"]
[Result "1/2-1/2"]
[WhiteElo "3015"]
[BlackElo "2890"]
[TimeControl "180+1"]
[EndTime "11:36:10 PDT"]
[Termination "Game drawn by agreement"]

1. d4 Nf6 2. c4 g6 3. Nc3 d5 4. cxd5 Nxd5 5. e4 Nxc3 6. bxc3 Bg7 7. Bc4 c5 8. Ne2 Nc6 9. Be3 O-O 10. Rc1 cxd4 11.
cxd4 Qa5+ 12. Rc3 Rd8 13. Qd2 Bg4 14. f3 Bd7 15. Kf2 Be8 16. Rb1 Nxd4 17. Nxd4 e5 18. Rd3 Qxd2+ 19. Bxd2 exd4 20. Rxb7 Rac8 21. Bb3 a6 22. Ba5 Rd7 23. Rxd7 Bxd7 24. Bb6 Bb5 25. Rd1 d3 26. a4 Rc3 27. Bxf7+ Kxf7 28. axb5 axb5 29. Ke3 Bh6+ 30. f4 g5 31. g3 gxf4+ 32. gxf4 b4 33. Bd4 d2+ 34. Kxd2 Bxf4+ 35. Ke2 Rc2+ 36.
Kd3 Rc1 37. Rxc1 Bxc1 38. Kc4 Bd2 39. Bc5 Ke6 40. Bxb4 Bxb4 41. Kxb4 Ke5 42. Kc3 Kxe4 43. Kd2 Kf3 44. Ke1 Kg2 45. h4 h5 46. Ke2 Kg3 47. Kf1 1/2-1/2

[Event "*** Titled Tuesday Blitz"]
[Site "Chess.com"]
[Date "2020.04.28"]
[Round "8"]
[White "Spartakus1975"]
[Black "RaunakSadhwani2005"]
[Result "1-0"]
[WhiteElo "2782"]
[BlackElo "2880"]
[TimeControl "180+1"]
[EndTime "11:36:10 PDT"]
[Termination "Spartakus1975 won by checkmate"]

1. e4 Nf6 2. e5 Nd5 3. d4 d6 4.
Bc4 Nb6 5. Bb3 dxe5 6. Qh5 e6 7. dxe5 c5 8. Na3 Nc6 9. Nf3 Na5 10. Bg5 Qc7 11. Nb5 Qc6 12. O-O-O Bd7 13. Nd6+ Bxd6 14. Rxd6 Qe4 15. Bxe6 Bxe6 16. Rxe6+ Kf8 17. Re7 Qg6 18. Qxg6 hxg6 19. Rd1 Kg8 20. Rc7 Re8 21. Be7 Na8 22. Rxc5 b6 23. Rcd5 Nc6 24. Bd6 f6 25. h3 Kf7 26. a3 Rc8 27. c3 Rhe8 28. Kb1 Ke6 29. exf6 gxf6 30. Bg3 Re7 31. Rd6+ Kf7 32. Nd4 Na5 33.
Bh4 g5 34. Bg3 Nc4 35. Nf5 Re2 36. Rd7+ Kg6 37. Ne7+ Kh5 38. Nxc8 Rxb2+ 39. Kc1 Ra2 40. R1d4 Nxa3 41. Rf7 Kg6 42. Rdd7 b5 43. Nd6 Rc2+ 44. Kd1 Nb6 45. Rg7+ Kh5 46. Rh7+ Kg6 47. Rdg7# 1-0

[Event "*** Titled Tuesday Blitz"]
[Site "Chess.com"]
[Date "2020.04.28"]
[Round "8"]
[White "pooh2012"]
[Black "Danfii"]
[Result "0-1"]
[WhiteElo "2484"]
[BlackElo "2344"]
[TimeControl "180+1"]
[EndTime "11:36:11 PDT"]
[Termination "Danfii won by resignation"]

1. e4 e5 2. Nf3 Nc6 3. Bc4 Bc5 4. O-O Nf6 5. d3 d6 6. Bg5 h6 7. Bh4 a6 8. a4 g5 9. Bg3 Bg4 10. c3 Qd7 11. Nbd2 h5 12. b4 Ba7 13. h4 gxh4 14. Bxh4 Nh7 15. b5 Ne7 16. bxa6 bxa6 17. Bxa6 Ng6 18.
Qb3 Rb8 19. Qc4 Nxh4 20. Nxh4 O-O 21. Bb5 Qe7 22. Nhf3 Kh8 23. d4 Rg8 24. Kh2 Ng5 25.
Ng1 Ne6 26. g3 exd4 27. f4 h4 28. Qd3 hxg3+ 29. Qxg3 Rg7 30. f5 Rh7+ 31. Kg2 Rg8 32. fxe6 Bh3+ 33. Nxh3 Rxg3+ 34. Kxg3 Qh4+ 35. Kf3 Qxh3+ 36. Ke2 Qe3+ 37. Kd1 dxc3 38. Nf3 fxe6 39. Kc2 c5 40. Bd3 c4 41. Bxc4 Rh3 42. Bd3 Rxf3 43. Rh1+ Rh3 44. Rag1 Rxh1 45. Rxh1+ Kg7 46. Rf1 e5 47. Rd1 Bd4 48.
Kb3 Qf2 49. Kc4 Qb2 50. Rf1 Qa2+ 51. Kb5 c2 52. Kc6 Qb2 53. Bxc2 Qxc2+ 54. Kd5 Qb3+ 55. Kxd6 Qb4+ 56. Ke6 Qc4+ 57. Kd6 Qxf1 0-1

[Event "*** Titled Tuesday Blitz"]
[Site "Chess.com"]
[Date "2020.04.28"]
[Round "8"]
[White "ItsCheckM8Mate"]
[Black "Pedrada88"]
[Result "1-0"]
[WhiteElo "2272"]
[BlackElo "2387"]
[TimeControl "180+1"]
[EndTime "11:36:11 PDT"]
[Termination "ItsCheckM8Mate won by checkmate"]

1. e4 c5 2. Nf3 Nc6 3. d4 cxd4 4. Nxd4 Nf6 5. Nc3 e6 6. Ndb5 Bc5 7. Nd6+ Ke7 8. Bf4 e5 9. Nf5+ Kf8 10. Bg5 Bb4 11.
Bc4 d5 12. Bxf6 Qxf6 13. Qxd5 Bxf5 14. exf5 Rd8 15. Qe4 Rd4 16. Qe2 Qxf5 17. O-O h5 18. Bd3 Qe6 19. Ne4 Be7 20. c3 Rd8 21. Bc4 Qg4 22. f3 Qg6 23. Rad1 f5 24. Nf2 h4 25. Kh1 Rh6 26. Bd5 Bd6 27. Qc4 Rc8 28. Qb5 Rc7 29. Bxc6 bxc6 30. Qb8+ Ke7 31. Rfe1 Qe8 32. Qb3 Qf7 33.
Qa4 Re6 34. Nd3 h3 35. g3 Qh5 36. Re3 e4 37. fxe4 Qxd1+ 38. Qxd1 fxe4 39. Nf4 Rd7 40. Qe1 Kd8 41. Nxe6+ Ke7 42. Rxe4 Kf6 43. Nd4 c5 44.
Re6+ Kf7 45. Qf2+ Kg8 46. Qf3 cxd4 47. Re8+ Kh7 48. Qh5# 1-0

[Event "*** Titled Tuesday Blitz"]
[Site "Chess.com"]
[Date "2020.04.28"]
[Round "8"]
[White "VincentKeymer"]
[Black "yoolund"]
[Result "1-0"]
[WhiteElo "2724"]
[BlackElo "2536"]
[TimeControl "180+1"]
[EndTime "11:36:12 PDT"]
[Termination "VincentKeymer won on time"]

1. Nf3 Nf6 2. c4 g6 3. g3 Bg7 4. Bg2 O-O 5. O-O d6 6. d4 Nc6 7.
Nc3 Bf5 8. Ne1 Qc8 9. e4 Bh3 10. Nc2 a5 11. f3 Bxg2 12. Kxg2 e5 13. d5 Nb4 14. Be3 Nd7 15. a3 Nxc2 16. Qxc2 f5 17. b4 f4 18. Bf2 g5 19. g4 h5 20. h3 Nf6 21. gxh5 g4 22. hxg4 Nxg4 23. Qe2 Bh6 24. Kh1 Kh7 25. b5 Ne3 26. Bxe3 fxe3 27. Qh2 Bf4 28.
Qh4 Qd8 29. Qh3 Rg8 30. Ne2 Qf6 31. Rg1 Raf8 32. Rxg8 Rxg8 33. Rg1 Rxg1+ 34. Kxg1 Kh6 35. Qg4 Qg5 36. Kg2 Kg7 37. a4 Kf6 38. Kf1 Qxg4 39.
fxg4 Kg5 40. Ke1 Kxg4 41. Nxf4 exf4 42. h6 f3 43. h7 1-0

[Event "*** Titled Tuesday Blitz"]
[Site "Chess.com"]
[Date "2020.04.28"]
[Round "8"]
[White "tsvet2005"]
[Black "imdarealist"]
[Result "1-0"]
[WhiteElo "2512"]
[BlackElo "2301"]
[TimeControl "180+1"]
[EndTime "11:36:12 PDT"]
[Termination "tsvet2005 won on time"]

1. d4 d5 2. c4 e6 3. Nc3 Nf6 4. cxd5 exd5 5. Bg5 c6 6. e3 Bd6 7. Bd3 O-O 8. Nge2 Re8 9. Qc2 h6 10. Bh4 a5 11. Bg3 Na6 12. a3 Nc7 13. O-O Ne6 14.
Rae1 Ng5 15. Bxd6 Qxd6 16. Ng3 Bd7 17. f3 Rad8 18. Na4 Qc7 19. e4 dxe4 20. fxe4 Bc8 21. e5 Nd5 22. Nc5 b6 23. Nce4 Nxe4 24. Nxe4 c5 25. Nd6 Re7 26. dxc5 bxc5 27. Bc4 Be6 28. Qe4 Nb6 29. Bxe6 fxe6 30. Rd1 Nc8 31. Nb5 Qb6 32. a4 Red7 33. Rxd7 Rxd7 34. Qg6 c4+ 35. Kh1 Re7 36.
Qe4 Qc5 37. Rd1 Re8 38. Nd6 Nxd6 39. exd6 e5 40. Qf5 Rd8 41. Qe6+ Kh7 42. d7 1-0

[Event "*** Titled Tuesday Blitz"]
[Site "Chess.com"]
[Date "2020.04.28"]
[Round "8"]
[White "Grischuk"]
[Black "Bulldog167"]
[Result "1-0"]
[WhiteElo "3114"]
[BlackElo "2813"]
[TimeControl "180+1"]
[EndTime "11:36:13 PDT"]
[Termination "Grischuk won on time"]

1. Nf3 Nf6 2. g3 b6 3. d4 Bb7 4. c4 g6 5. Bg2 Bg7 6. O-O O-O 7.
d5 Ne4 8. Qc2 f5 9. Ng5 Nd6 10.
Nc3 a5 11. e4 Na6 12. Bf4 h6 13. Nf3 Nc5 14. Bxd6 exd6 15. exf5 gxf5 16. Nh4 Qf6 17.
Bh3 Ba6 18. Bxf5 Bxc4 19. Bh7+ Kh8 20. Bf5 Bxf1 21. Rxf1 Rfe8 22. Nb5 Qxb2 23. Qxb2 Bxb2 24. Nxc7 Rac8 25. Nxe8 Rxe8 26. Rb1 Bd4 27. Nf3 Be5 28. Rxb6 a4 29. Kg2 a3 30. h4 Bb2 31. Rxd6 Na4 32. Rxh6+ Kg7 33. Rg6+ Kf8 34. Bxd7 Ra8 35. Bxa4 Rxa4 36. h5 Rc4 37. h6 Rc1 38. h7 Ra1 39. Rg8+ Ke7 40. h8=Q Bxh8 41. Rxh8 Rxa2 42. Ra8 Kd6 43. Ra5 Ra1 44. Nd2 Kc7 45. Nb3 Ra2 46. g4 Kb6 47. g5 1-0

[Event "*** Titled Tuesday Blitz"]
[Site "Chess.com"]
[Date "2020.04.28"]
[Round "8"]
[White "jguerramzllo"]
[Black "Hasangatin_Ramil"]
[Result "1-0"]
[WhiteElo "2616"]
[BlackElo "2457"]
[TimeControl "180+1"]
[EndTime "11:36:13 PDT"]
[Termination "jguerramzllo won by checkmate"]

1. e4 c5 2. c3 Nf6 3. e5 Nd5 4. d4 cxd4 5. Nf3 e6 6. cxd4 b6 7. Nc3 Nxc3 8. bxc3 Bb7 9. Bd3 d6 10. O-O Be7 11. exd6 Bxd6 12. Ng5 h6 13. Qh5 O-O 14. Bh7+ Kh8 15. Nxf7+ Rxf7 16. Qxf7 Kxh7 17. Qxb7 Nd7 18. Qe4+ Kh8 19. Qxe6 Qc7 20. Bxh6 Nf8 21. Qe4 Rd8 22. Bg5 Rc8 23. Qh4+ Kg8 24. Rac1 Qc4 25. Rc2 Qd3 26. Qh3 Qxh3 27. gxh3 Ne6 28. Be3 g5 29. c4 Kf7 30.
c5 bxc5 31. dxc5 Be5 32. c6 Ke7 33. Rd1 Rc7 34. Rd5 Kf6 35. Rd7 a6 36. Rxc7 Nxc7 37. Kg2 Ke6 38. Bxg5 Kd5 39. Bh4 Nb5 40. Bg3 Bc7 41.
Bxc7 Nxc7 42. h4 Ke5 43. h5 Kf5 44. h6 Kg6 45. Rd2 Kxh6 46. Rd7 Nb5 47. c7 Nxc7 48. Rxc7 Kg6 49. Rc6+ Kf5 50. Rxa6 Ke4 51. Ra4+ Kd3 52. h4 Kc2 53. h5 Kb1 54. h6 Ka1 55. h7 Kb2 56. h8=Q+ Kb1 57. Rb4+ Kc2 58. Qb2+ Kd1 59. Rd4+ Ke1 60. Qd2# 1-0

[Event "*** Titled Tuesday Blitz"]
[Site "Chess.com"]
[Date "2020.04.28"]
[Round "8"]
[White "PawnEatingZombie"]
[Black "Hippotaner"]
[Result "1-0"]
[WhiteElo "2130"]
[BlackElo "2225"]
[TimeControl "180+1"]
[EndTime "11:36:13 PDT"]
[Termination "PawnEatingZombie won by checkmate"]

1. d4 Nf6 2. c4 e6 3. Nc3 Bb4 4. Qc2 Nc6 5. Nf3 d6 6. Bd2 O-O 7. a3 Bxc3 8. Bxc3 Re8 9. e3 Qe7 10. Be2 e5 11. d5 Nb8 12. Nd2 a5 13. O-O Nbd7 14. Rae1 a4 15. f4 e4 16. g4 Nc5 17.
g5 Nfd7 18. Kh1 Nf8 19. Rg1 Bf5 20. Bd4 Nfd7 21. Qc3 Qf8 22. h4 c6 23. h5 cxd5 24. h6 Ne6 25. cxd5 Nxd4 26. Qxd4 Rac8 27. Nc4 Rxc4 28. Bxc4 g6 29. Bb5 Rc8 30. Rc1 Nc5 31. Bxa4 Ra8 32. Bd1 Nd3 33. Rc7 Rc8 34. Rxc8 Bxc8 35. Rg2 Bf5 36. Rc2 f6 37. Rc7 Nf2+ 38. Kg2 Nxd1 39. Rg7+ Kh8 40. gxf6 Nxe3+ 41. Qxe3 Qxf6 42.
Qc3 Qxc3 43. bxc3 e3 44. Kf3 Be4+ 45. Kxe3 Bxd5 46. Kd4 Bc6 47. Rc7 d5 48. Rc8+ Be8 49. Rxe8# 1-0

[Event "*** Titled Tuesday Blitz"]
[Site "Chess.com"]
[Date "2020.04.28"]
[Round "8"]
[White "VerdeNotte"]
[Black "Sibelephant"]
[Result "1-0"]
[WhiteElo "2831"]
[BlackElo "3176"]
[TimeControl "180+1"]
[EndTime "11:36:14 PDT"]
[Termination "VerdeNotte won by checkmate"]

1. e4 c6 2. d4 d5 3. e5 Bf5 4. h4 h6 5. Bd3 Bxd3 6. cxd3 e6 7.
Nf3 Nd7 8. h5 Ne7 9. Nc3 Qb6 10.
O-O Nf5 11. Na4 Qd8 12. g4 Nh4 13. Bf4 Be7 14. Rc1 Nxf3+ 15. Qxf3 O-O 16. Rc2 Bg5 17. Bxg5 Qxg5 18. Qg3 f5 19. f4 Qxg4 20. Qxg4 fxg4 21. Rg2 Rf5 22. Rxg4 Rxh5 23. Nc3 Rf5 24. Ne2 Rf7 25. Ng3 Raf8 26. Kg2 Kh7 27. b4 a5 28. bxa5 Ra8 29. f5 Nf8 30. f6 g5 31. Rh1 Kg6 32. Nh5 Rxa5 33. Kf3 Kh7 34. Ng3 Kg6 35. Ne2 Rxa2 36. Nf4+ Kf5 37. Rxh6 Rh7 38. Nh3 Rf2+ 39. Nxf2 Rxh6 40.
Rg1 Rh5 41. Kg3 Ng6 42. f7 Rh8 43. Ng4 Rf8 44. Ne3# 1-0

[Event "*** Titled Tuesday Blitz"]
[Site "Chess.com"]
[Date "2020.04.28"]
[Round "8"]
[White "PIwan"]
[Black "Biranidun"]
[Result "1/2-1/2"]
[WhiteElo "2561"]
[BlackElo "2713"]
[TimeControl "180+1"]
[EndTime "11:36:14 PDT"]
[Termination "Game drawn by repetition"]

1. c4 e5 2. Nc3 Nf6 3. Nf3 Nc6 4. e3 Bb4 5. Qc2 Bxc3 6. Qxc3 Qe7 7. d4 Ne4 8. Qd3 exd4 9. Nxd4 O-O 10. Nxc6 dxc6 11.
Be2 Qb4+ 12. Kf1 Bf5 13. Qb3 Qxb3 14. axb3 Nc5 15. Ra3 Bc2 16. Bd2 Nxb3 17. Bc3 Rfd8 18. f3 a5 19. Kf2 c5 20. e4 a4 21. Ke3 Ra6 22. f4 f5 23. exf5 Bxf5 24. Bf3 Re6+ 25. Kf2 Be4 26. Rxa4 Bxf3 27. gxf3 g6 28. Ra7 Rb6 29.
f5 Nd4 30. fxg6 hxg6 31. Re1 Kf7 32. Ra5 Ne6 33. Re4 g5 34. Ra1 Rbd6 35. h4 Rd1 36.
Rxd1 Rxd1 37. hxg5 Nxg5 38. Rf4+ Ke6 39. Rf6+ Kd7 40.
Rg6 Ne6 41. Rh6 b6 42. Rh7+ Kd6 43. Rh6 Kd7 44. Rh7+ Kd6 45. Rh6 Ke7 46. Rh7+ Kd6 1/2-1/2

[Event "*** Titled Tuesday Blitz"]
[Site "Chess.com"]
[Date "2020.04.28"]
[Round "8"]
[White "AlexTriapishko"]
[Black "MaxVavulin"]
[Result "1-0"]
[WhiteElo "2750"]
[BlackElo "2604"]
[TimeControl "180+1"]
[EndTime "11:36:15 PDT"]
[Termination "AlexTriapishko won by resignation"]

1. Nf3 Nf6 2. g3 b6 3. b3 Bb7 4. Bg2 c5 5. Bb2 g6 6. Bxf6 exf6 7. c4 d5 8. Nh4 Qd7 9. Nc3 d4 10.
Bxb7 Qxb7 11. Nd5 Bg7 12. O-O O-O 13. e3 f5 14. Qf3 Nc6 15. Rad1 Rab8 16. Qg2 Rfe8 17.
Nf3 Ne7 18. Nxe7+ Rxe7 19. exd4 cxd4 20. Ne1 Qa6 21. a4 Qa5 22. Nd3 Re4 23. f3 Re7 24. Rfe1 Rbe8 25. Rxe7 Rxe7 26. Kf1 h5 27.
Re1 Rxe1+ 28. Kxe1 f4 29. g4 Qg5 30. h3 Bf8 31. Kd1 a6 32. Qf2 Bg7 33. Kc2 b5 34.
axb5 axb5 35. c5 Bf8 36. Qxd4 Qh4 37. gxh5 g5 38. Qe4 Qxh3 39. b4 Qxh5 40. c6 Qh3 41. c7 Qc8 42. Qc6 Kg7 43. Ne5 f6 44.
Qd7+ Qxd7 45. Nxd7 1-0

[Event "*** Titled Tuesday Blitz"]
[Site "Chess.com"]
[Date "2020.04.28"]
[Round "8"]
[White "djamir"]
[Black "Borsuk_Konstantin"]
[Result "0-1"]
[WhiteElo "2708"]
[BlackElo "2580"]
[TimeControl "180+1"]
[EndTime "11:36:15 PDT"]
[Termination "Borsuk_Konstantin won by resignation"]

1. d4 Nf6 2. Bg5 e6 3. e3 h6 4.
Bh4 b6 5. Nd2 Bb7 6. Ngf3 g5 7.
Bg3 Nh5 8. Ne5 Nxg3 9. hxg3 d6 10. Nd3 Nd7 11. e4 Bg7 12. c3 Qe7 13. Be2 c5 14. dxc5 bxc5 15. Bf3 O-O 16. O-O Rab8 17. Re1 Rfd8 18.
Qc2 Nb6 19. c4 Nd7 20. Rad1 a5 21. Nb1 Ne5 22. Nxe5 Bxe5 23. Nc3 Bc6 24. Be2 Qf6 25.
Rb1 Kg7 26. b3 Bxc3 27. Rf1 Bd4 28. Bd3 h5 29. Qe2 Rh8 30. Kh1 h4 31. g4 Be5 32.
Qe3 Qf4 33. Qh3 Qd2 34. Rbd1 Qxa2 35. Qe3 Bf4 36. Qe1 Rxb3 37. Bb1 Qa3 38. Qe2 Rh3+ 39. Kg1 Rb3 40. Bc2 Rb2 41. Ra1 Qc3 42. Rac1 Bxc1 43.
Rxc1 Ba4 44. Qd1 Rxc2 45. Ra1 Bb3 46. Qf1 a4 47. Re1 a3 48. Kh2 a2 49. Ra1 h3 50. g3 Qf3 51. Re1 Rxf2+ 0-1

[Event "*** Titled Tuesday Blitz"]
[Site "Chess.com"]
[Date "2020.04.28"]
[Round "8"]
[White "petincash"]
[Black "Ashedu66"]
[Result "1-0"]
[WhiteElo "2382"]
[BlackElo "2125"]
[TimeControl "180+1"]
[EndTime "11:36:15 PDT"]
[Termination "petincash won on time"]

1. e4 e5 2. Nf3 Nc6 3. Bc4 Bc5 4. c3 Qe7 5. d3 Nf6 6. Nbd2 d6 7. Nf1 a6 8. Bb3 Ba7 9. h3 Be6 10. Bc2 d5 11. Ng3 dxe4 12. dxe4 Rd8 13. Qe2 b5 14. Nh4 g6 15. Qf3 Nd7 16. Nhf5 gxf5 17. exf5 Bc4 18.
Qxc6 Qc5 19. Qxc5 Bxc5 20. Ne4 Ke7 21. b3 Bd5 22. Nxc5 Nxc5 23. Ba3 Kd6 24. O-O-O Kc6 25. f3 f6 26. Rhf1 a5 27. g4 h6 28. Rd2 Bf7 29.
Rfd1 Rxd2 30. Rxd2 a4 31. Bxc5 axb3 32. Bxb3 Bxb3 33.
axb3 Kxc5 34. Rd7 h5 35. Rxc7+ Kd6 36. Rf7 hxg4 37. Rxf6+ Kd5 38. hxg4 b4 39. cxb4 Kd4 40. Kb2 Rh2+ 41. Ka3 Ke3 42. b5 Kxf3 43. b6 Rh8 44. g5 e4 45. Re6 e3 46. g6 1-0

[Event "*** Titled Tuesday Blitz"]
[Site "Chess.com"]
[Date "2020.04.28"]
[Round "8"]
[White "Korchmar_Vasiliy"]
[Black "A-Fier"]
[Result "1-0"]
[WhiteElo "2644"]
[BlackElo "2786"]
[TimeControl "180+1"]
[EndTime "11:36:16 PDT"]
[Termination "Korchmar_Vasiliy won on time"]

1. d4 Nf6 2. c4 c5 3. d5 e6 4. Nc3 exd5 5. cxd5 d6 6. Nf3 g6 7. g3 Bg7 8. Bg2 O-O 9. O-O Re8 10. Bf4 Bf5 11.
Bg5 h6 12. Bxf6 Bxf6 13. Nd2 Na6 14. e4 Bc8 15. Nc4 Nc7 16. a4 b6 17. Nb5 Nxb5 18.
axb5 a6 19. Qb3 a5 20. f4 Bd4+ 21. Kh1 Qc7 22. e5 dxe5 23. d6 Qa7 24. Nxe5 Be6 25.
Bd5 Rad8 26. Nc6 Qb7 27. f5 gxf5 28. Qf3 Rxd6 29. Bxe6 Rexe6 30. Nxd4 Qxf3+ 31. Nxf3 Re2 32. Rae1 Rxb2 33. Re7 a4 34. Ra7 Ra2 35. Re1 Re6 36. Rxe6 fxe6 37. Ne5 Rb2 38. Rxa4 Rxb5 39. Kg2 Rb3 40.
Ra7 b5 41. Nd7 c4 42. Nc5 Rb2+ 43. Kf3 Re2 44. Kxe2 1-0

[Event "*** Titled Tuesday Blitz"]
[Site "Chess.com"]
[Date "2020.04.28"]
[Round "8"]
[White "woodhy"]
[Black "manitodeplomo"]
[Result "0-1"]
[WhiteElo "2379"]
[BlackElo "2618"]
[TimeControl "180+1"]
[EndTime "11:36:16 PDT"]
[Termination "manitodeplomo won by resignation"]

1. e4 c5 2. Nf3 e6 3. d4 cxd4 4. Nxd4 a6 5. c4 Nf6 6. Nc3 Qc7 7. a3 b6 8. Bd3 Bb7 9. O-O Nc6 10. Be3 Ne5 11.
Bf4 d6 12. Rc1 Be7 13. Qe2 O-O 14. b4 Rac8 15. Bxe5 dxe5 16. Nf3 Rfd8 17. Rfd1 a5 18. Nb5 Qb8 19. Rb1 axb4 20. axb4 g6 21. Qe3 Bc6 22. Nc3 Kg7 23. h3 Be8 24. Rb2 Nh5 25. Ne2 Rxc4 26. g4 Nf4 27. Bxc4 Rxd1+ 28. Kh2 Rd8 29. Qc3 Nxe2 30.
Bxe2 Rc8 31. Qxe5+ Qxe5+ 32. Nxe5 Bd6 33. f4 g5 34. Rd2 Bc7 35. Rc2 gxf4 36. Ba6 Ra8 37. Rxc7 Rxa6 38. g5 Ra2+ 39. Kg1 Re2 40. Ng4 f3 41. Nf6 Bb5 42. Rc8 Rg2+ 43. Kh1 Rxg5 44. Ng4 h5 45. Nf2 Rg2 46. Rc2 Be2 47. Nd3 Bxd3 48.
Rxg2+ fxg2+ 49. Kxg2 Bxe4+ 50. Kg3 Bf5 51. Kh4 Kg6 52.
Kg3 Bxh3 53. Kxh3 Kf5 54. Kg3 Ke5 55. Kf3 Kd5 56. Ke3 Kc4 57. Kf4 Kxb4 58. Ke5 Kc5 59. Kf6 b5 0-1